 Dungeon Crawl Stone Soup version 0.30-b1-2-g02819fbbbe (webtiles) character file.

Game seed: 2329926160999581267

8 Alarkh the Charlatan (level 2, 18/22 HPs)
             Began as a Demonspawn Artificer on Nov 22, 2023.
             Got out of the dungeon alive.
             The game lasted 00:00:21 (315 turns).

Alarkh the Charlatan (Demonspawn Artificer)          Turns: 315, Time: 00:00:22

Health: 18/22      AC:  3    Str: 12    XL:     2   Next: 0%
Magic:  2/2        EV: 11    Int: 12    God:
Gold:   3          SH:  0    Dex: 13    Spells: 1/1 levels left

rFire   . . .        a - +0 club
rCold   . . .        (no shield)
rNeg    . . .        b - +0 leather armour
rPois   .            (no helmet)
rElec   .            (no cloak)
rCorr   .            (no gloves)
SInv    .            (no boots)
Will    .....        (no amulet)
Stlth   +            (no ring)
HPRegen 0.23/turn    (no ring)
MPRegen 0.08/turn

%: no passive effects
@: no status effects
A: demonic guardian 1
a: no special abilities


You escaped.
You visited 1 branch of the dungeon, and saw 1 of its levels.

You collected 3 gold pieces.

Inventory:

Hand Weapons
 a - a +0 club (weapon)
Armour
 b - a +0 leather armour (worn)
Wands
 c - a wand of flame (13) (quivered)
 d - a wand of charming (15)
 e - a wand of iceblast (4)
Scrolls
 f - a scroll of vulnerability {unknown}
 g - a scroll of identify {unknown}


   Skills:
 + Level 2.1 Fighting
 - Level 1.7 Armour
 - Level 0.8 Dodging
 - Level 0.8 Stealth
 - Level 3.0 Evocations


You had one spell level left.
You didn't know any spells.
Your spell library was empty.

Dungeon Overview and Level Annotations

Branches:
Dungeon (1/15)

Altars:


Innate Abilities, Weirdness & Mutations

A weak demonic guardian rushes to your aid.


Message History

The quokka is moderately wounded.
The hobgoblin hits you. The quokka closely misses you. The hobgoblin hits you.
You are too injured to fight recklessly!
You are too injured to fight recklessly!
You are too injured to fight recklessly!
You are too injured to fight recklessly!
You are too injured to fight recklessly!
You are too injured to fight recklessly!
You are too injured to fight recklessly!
You are too injured to fight recklessly!
The quokka attacks as you move away! The quokka barely misses you.
The hobgoblin attacks as you move away! The hobgoblin hits you.
* * * LOW HITPOINT WARNING * * *
The quokka closely misses you.
You aren't carrying any potions.
Okay, then.
Aiming: Iceblast
Press: ? - help, Shift-Dir - straight line The mass of ice explodes!
The iceblast engulfs the hobgoblin!
You kill the hobgoblin!
The iceblast engulfs the quokka!!
You kill the quokka!
Your Fighting skill increases to level 2!
Aiming: Throw Flame
Press: ? - help, Shift-Dir - straight line, f - endoplasm
Aim: an endoplasm (98% to hit)
The puff of flame hits the endoplasm.
The endoplasm is moderately wounded.
The endoplasm barely misses you.
Aiming: Throw Flame
Press: ? - help, Shift-Dir - straight line, f/p - endoplasm
Aim: an endoplasm (moderately wounded, 98% to hit)
The puff of flame hits the endoplasm!
You kill the endoplasm!
You have reached level 2!
Your demonic ancestry asserts itself...
You feel the presence of a demonic guardian.
There is a staircase leading out of the dungeon here.
Are you sure you want to leave the Dungeon?
This will make you lose the game!
You have escaped!

~.P~.P......P....#
....P.P~......PP.#
......P..PP...P..#
#P..~~~..~.......#
#P.....~~P..~..PP#
##.....~~....P.Pā‰ˆ#
###..~..P..~.~ā‰ˆā‰ˆ#
#####....~..~.#
##..#....@#
##########


There were no monsters in sight!

Vanquished Creatures
  An endoplasm (D:1)
  2 hobgoblins (D:1)
  2 quokkas (D:1)
  2 rats (D:1)
7 creatures vanquished.

Notes
Turn   | Place    | Note
-------+----------+-------------------------------------------
     0 | D:1      | Alarkh the Demonspawn Artificer began the quest for the
                  | Orb.
     0 | D:1      | Reached XP level 1. HP: 15/15 MP: 1/1
   255 | D:1      | Gained mutation: A weak demonic guardian rushes to your
                  | aid. [demonic ancestry]
   255 | D:1      | Reached XP level 2. HP: 4/22 MP: 2/2
   315 | D:$      | Got out of the dungeon alive.

Illustrated notes

Levels and vault maps discovered:
D:1:      lemuel_arrival_muddy, layout_basic, basic_ecumenical_altar

Skill      XL: |  1 |
---------------+----+-----
Fighting       | 2 |  2.1
Armour         | |  1.7
Dodging        | |  0.8
Stealth        | |  0.8
Evocations     | |  3.0

Action                     || total
---------------------------++-------
  Melee: Club              ||    28
  Evoke: Wand              ||     3
 Armour: Leather armour    ||     8
  Dodge: Dodged            ||    25
